 Dungeon Crawl Stone Soup version 0.24.0-1-gfbc8707122 (console) character file.

Game seed: 11006177891658237428, levelgen mode: deterministic

12183 AlterAsc the Basher (level 11, -7/100 HPs)
             Began as a Minotaur Berserker on Oct 27, 2019.
             Was a High Priest of Trog.
             Mangled by a swamp worm (10 damage)
             ... on level 11 of the Dungeon.
             The game lasted 00:40:36 (8311 turns).

AlterAsc the Basher (Minotaur Berserker)            Turns: 8311, Time: 00:40:37

Health: -7/100     AC: 17    Str: 25    XL:     11   Next: 59%
Magic:  3/3        EV: 11    Int:  4    God:    Trog [*****.]
Gold:   482        SH:  0    Dex: 10    Spells: 10/10 levels left

rFire    . . .     SeeInvis +   a - +8 great mace (antimagic)
rCold    . . .     Gourm    .   (shield currently unavailable)
rNeg     . . .     Faith    .   V - +0 plate armour
rPois    .         Spirit   .   (helmet restricted)
rElec    .         Reflect  .   (no cloak)
rCorr    .         Harm     .   K - +2 pair of gloves
MR       ++...                  (no boots)
Stlth    ..........             (no amulet)
HPRegen  1.26/turn              N - ring of see invisible
MPRegen  0.08/turn              (no ring)

@: berserk cooldown, starving, regenerating, slowed, very slow
A: retaliatory headbutt, horns 2
a: Berserk, Trog's Hand, Brothers in Arms, Renounce Religion


You were on level 11 of the Dungeon.
You worshipped Trog.
Trog was extremely pleased with you.
You were starving.

You visited 1 branch of the dungeon, and saw 11 of its levels.

You collected 482 gold pieces.

Inventory:

Hand Weapons
 a - a +8 antimagic great mace (weapon)
 b - the +0 battleaxe of the Illusory Spirits {chop, rN+}
   (You found it on level 8 of the Dungeon)

   It inflicts extra damage upon your enemies.
   It protects you from negative energy.
 u - a +0 flail
 w - a +1 mace of protection
 x - a +1 rapier of draining
 z - a +2 hand axe of electrocution
 B - a +1 whip of freezing
 C - a +0 war axe
 G - the +4 spear "Ziozuxidd" {venom, +Blink Str+3 Int+2}
   (You found it on level 7 of the Dungeon)

   It poisons the flesh of those it strikes.
   It affects your strength (+3).
   It affects your intelligence (+2).
   It lets you blink.
 L - a +3 mace
 Q - the +6 spear "Rutter" {pierce, MP+9 Int+6 Dex+2}
   (You found it on level 9 of the Dungeon)

   It inflicts extra damage upon your enemies.
   It affects your intelligence (+6).
   It affects your dexterity (+2).
   It affects your magic capacity (+9).
Armour
 l - a +0 scale mail
 m - a +0 pair of gloves
 v - a +0 chain mail
 F - a +0 leather armour
 K - a +2 pair of gloves (worn)
 V - a +0 plate armour (worn)
 W - a +0 buckler
Magical Staves
 E - an uncursed staff of wizardry
 I - an uncursed staff of summoning {unknown}
Jewellery
 N - a ring of see invisible (left hand)
Wands
 s - a wand of iceblast (6)
 y - a wand of acid (5)
 A - a wand of disintegration (7)
 J - a wand of paralysis (9)
 O - a wand of polymorph (8)
Scrolls
 d - 3 scrolls of identify
 g - a scroll of fog
 i - 4 scrolls of amnesia
 j - 3 scrolls of enchant armour
 k - 6 scrolls of teleportation
 n - a scroll of random uselessness
 r - 3 scrolls of immolation
 t - a scroll of vulnerability {unknown}
 D - 2 scrolls of blinking
 R - 3 scrolls of fear
 T - a scroll of magic mapping
Potions
 e - 2 potions of brilliance {unknown}
 f - a potion of haste {unknown}
 h - a potion of ambrosia {unknown}
 o - 6 potions of heal wounds {unknown}
 p - 3 potions of curing {unknown}
 q - 2 potions of might {unknown}
 H - a potion of lignification {unknown}
 M - a potion of flight {unknown}
 P - a potion of degeneration {unknown}
 S - a potion of cancellation {unknown}
Comestibles
 c - 21 rations
 U - 19 chunks of flesh


   Skills:
 - Level 10.2 Fighting
 * Level 14.2 Maces & Flails
 - Level 10.0 Armour
 + Level 9.8 Dodging


You had 10 spell levels left.
You didn't know any spells.
Your spell library was empty.

Dungeon Overview and Level Annotations

Branches:
Dungeon (11/15)            Temple (0/1) D:7            Lair (0/6) D:9
    Orc: D:9-12

Altars:
Dithmenos
Elyvilon
Nemelex Xobeh
Okawaru
Wu Jian
Zin
The Shining One

Shops:
D:5 (

Annotations:
D:5 3 runed translucent doors, Zaque's ghost, amateur TrHu
D:8 2 runed translucent doors


Innate Abilities, Weirdness & Mutations

You reflexively headbutt those who attack you in melee.
You have a pair of horns on your head.


Message History

As you read the scroll of teleportation, it crumbles to dust.
You feel strangely unstable.
Your skin crawls.
You feel resistant to hostile enchantments.
You feel somewhat more hungry.
Your surroundings seem slightly different.
A swamp worm comes into view.
You feel the effects of Trog's Hand fading.
The swamp worm throws harpoon shot at you.
The harpoon shot hits you!
* * * LOW HITPOINT WARNING * * *
You are yanked forward by the harpoon shot.
The swamp worm bites you!
* * * LOW HITPOINT WARNING * * *
Your troll goes berserk!
You are starving!
The swamp worm completely misses you.
The swamp worm bites you but does no damage.
The swamp worm barely misses you. The swamp worm bites you!
You die...

##≈≈≈ ####≈≈≈####
#...≈≈P#≈≈≈
#...≈≈≈≈w≈≈ #...≈≈≈#
≈ #...††≈#######≈≈
#....≈w≈≈≈≈≈≈≈≈≈
#...www≈≈≈≈≈≈≈.
###..@.....#####
#............#......
#..T.........#...>..
#............+......
#.............#......
#######.......#......
#.......#......
#.......#......
#.......###'###


You could see 4 swamp worms and a friendly troll (berserk).

Vanquished Creatures
  Pikel (D:6)
  A manticore (D:8)
  A kobold demonologist (D:11)
  A komodo dragon (D:8)
  2 trolls (D:9)
  A hornet (D:10)
  3 hippogriffs
  A wraith (D:10)
  13 yaks
  A human (D:7)
  3 hogs (D:7)
  2 hungry ghosts
  2 wargs (D:9)
  5 swamp worms (D:11)
  A vampire mosquito (D:8)
  A sky beast (D:7)
  4 orc warriors
  5 phantoms
  A black bear (D:11)
  An eye of draining (D:10)
  3 ice beasts
  4 ogres
  6 centaurs
  Blork the orc (D:6)
  5 big kobolds
  7 bullfrogs
  A water moccasin skeleton (D:7)
  6 killer bees (D:11)
  A wight (D:8)
  2 howler monkeys
  A bullfrog zombie (D:5)
  A crimson imp (D:8)
  2 hounds
  3 centaur zombies
  3 jellies
  2 bullfrog skeletons
  8 orc priests
  An iguana (D:4)
  7 worker ants
  14 orc wizards
  2 hound zombies (D:5)
  5 hound skeletons
  2 worker ant zombies (D:8)
  A howler monkey zombie (D:7)
  6 gnolls
  2 howler monkey skeletons
  7 adders
  3 shadow imps
  An adder zombie (D:8)
  2 adder skeletons
  4 worms
  A dart slug (D:3)
  8 leopard geckos
  69 orcs
  6 bats
  6 giant cockroaches
  5 goblins
  4 hobgoblins
  9 jackals
  25 kobolds
  5 quokkas
  2 ball pythons
  8 frilled lizards
  7 rats
  A plant (D:9)
319 creatures vanquished.

Vanquished Creatures (collateral kills)
  7 yaks (D:11)
7 creatures vanquished.

Vanquished Creatures (others)
  A giant cockroach (D:6)
  3 plants (D:11)
4 creatures vanquished.

Grand Total: 330 creatures vanquished

Notes
Turn   | Place    | Note
-------+----------+-------------------------------------------
     0 | D:1      | AlterAsc the Minotaur Berserker began the quest for the
                  | Orb.
     0 | D:1      | Reached XP level 1. HP: 19/19 MP: 0/0
   249 | D:1      | Reached XP level 2. HP: 27/27 MP: 1/1
   814 | D:2      | Reached skill level 4 in Maces & Flails
   960 | D:2      | Reached XP level 3. HP: 33/33 MP: 2/2
  1060 | D:2      | Reached ** piety under Trog
  1270 | D:2      | Found a white marble altar of Elyvilon.
  1509 | D:2      | Reached XP level 4. HP: 40/40 MP: 3/3
  1840 | D:3      | Reached XP level 5. HP: 12/47 MP: 4/4
  2053 | D:3      | Reached skill level 5 in Maces & Flails
  2233 | D:3      | Found a glowing golden altar of the Shining One.
  2233 | D:3      | Found a sparkling altar of Nemelex Xobeh.
  2307 | D:3      | Reached *** piety under Trog
  2619 | D:4      | Noticed a phantom
  2636 | D:4      | Killed a phantom
  2636 | D:4      | Reached skill level 5 in Fighting
  2636 | D:4      | Reached XP level 6. HP: 51/56 MP: 5/5
  2725 | D:4      | Reached skill level 6 in Maces & Flails
  2886 | D:4      | Reached XP level 7. HP: 61/61 MP: 6/6
  2947 | D:4      | Found a shadowy altar of Dithmenos.
  3057 | D:5      | Entered Level 5 of the Dungeon
  3204 | D:5      | Found a runed translucent gate.
  3204 | D:5      | Noticed Zaque's ghost (amateur TrHu)
  3205 | D:5      | Found a runed translucent gate.
  3205 | D:5      | Found a runed translucent gate.
  3253 | D:5      | Reached skill level 7 in Maces & Flails
  3292 | D:5      | Reached skill level 5 in Armour
  3295 | D:5      | Reached **** piety under Trog
  3428 | D:5      | Found Laraugg's Antique Weapon Shoppe.
  3848 | D:5      | Reached skill level 5 in Dodging
  3848 | D:5      | Reached XP level 8. HP: 70/70 MP: 7/7
  3928 | D:6      | Reached skill level 8 in Maces & Flails
  4021 | D:6      | Noticed Blork the orc
  4033 | D:6      | Killed Blork the orc
  4054 | D:6      | Noticed Pikel
  4062 | D:6      | Killed Pikel
  4062 | D:6      | Reached skill level 9 in Maces & Flails
  4173 | D:6      | Reached XP level 9. HP: 79/79 MP: 8/8
  4538 | D:7      | Found a staircase to the Ecumenical Temple.
  4568 | D:7      | Reached skill level 10 in Maces & Flails
  4595 | D:7      | Reached ***** piety under Trog
  4627 | D:7      | Found a glowing silver altar of Zin.
  5036 | D:7      | Got a crystal spear
  5037 | D:7      | Identified the +4 spear "Ziozuxidd" {venom, +Blink Str+3
                  | Int+2} (You found it on level 7 of the Dungeon)
  5145 | D:7      | Reached skill level 11 in Maces & Flails
  5375 | D:8      | Noticed a manticore
  5381 | D:8      | Reached XP level 10. HP: 88/90 MP: 9/9
  5388 | D:8      | Killed a manticore
  5732 | D:8      | Found a large runed translucent door.
  5733 | D:8      | Found a large runed translucent door.
  5735 | D:8      | Found a large runed translucent door.
  5735 | D:8      | Found a large runed translucent door.
  5938 | D:8      | Got a jewelled battleaxe
  5939 | D:8      | Identified the cursed +0 battleaxe of the Illusory Spirits
                  | {chop, rN+} (You found it on level 8 of the Dungeon)
  6138 | D:9      | Reached skill level 12 in Maces & Flails
  6563 | D:9      | Got a fine spear
  6592 | D:9      | Found a staircase to the Lair.
  6602 | D:9      | Received a gift from Trog
  6894 | D:9      | Found an iron altar of Okawaru.
  7148 | D:10     | Entered Level 10 of the Dungeon
  7152 | D:10     | Paralysed by a hornet for 1 turns
  7323 | D:10     | Reached XP level 11. HP: 92/99 MP: 10/10
  7329 | D:10     | Reached skill level 10 in Fighting
  7593 | D:10     | Reached skill level 13 in Maces & Flails
  7971 | D:11     | Identified the +6 spear "Rutter" {pierce, MP+9 Int+6 Dex+2}
                  | (You found it on level 9 of the Dungeon)
  8075 | D:11     | Found an ornate altar of the Wu Jian Council.
  8142 | D:11     | Reached skill level 10 in Armour
  8293 | D:11     | Reached skill level 14 in Maces & Flails
  8310 | D:11     | HP: 1/100 [swamp worm (8)]
  8311 | D:11     | Mangled by a swamp worm

Levels and vault maps discovered:
D:1:      lightli_arrival_boilingwater, layout_basic,
          chequers_serial_rivers_micro_e, minivault_4, minmay_misc_feat_five
D:2:      layout_basic, elyvilon_altar_1, minmay_misc_feat_rugged,
          kennysheep_generic_room_15
D:3:      layout_rooms, gammafunk_temple_overflow_pools, first_ration
D:4:      layout_basic, grunt_dithmenos_smoke
D:5:      layout_loops_corners, serial_shops, shop, ebering_ghost_rock_garden
D:6:      layout_cave_pools, uniq_blork_the_orc, uniq_pikel
D:7:      layout_loops_ring, zin_scriptorium, minmay_temple_entry_offerings,
          grunt_livestock
D:8:      layout_loops_ring, minmay_hollow_rounded_squares
D:9:      layout_basic, okawaru_altar_gauntlet_db, erik_lair_orcish_takeover
D:10:     layout_basic
D:11:     layout_irregular_city, serial_shops, shop, basic_altar, worms_lemuel

Skill      XL: |  1  2  3  4  5  6  7  8  9 10 11 |
---------------+----------------------------------+-----
Maces & Flails | 4 5 6 7 9 11 12 14 | 14.2
Fighting       | 4 5 6 7 8 9 10 | 10.2
Armour         | 3 4 5 6 8 9 10 | 10.0
Dodging        | 3 4 5 6 7 8 9 |  9.8

Action                   |  1- 3 |  4- 6 |  7- 9 | 10-12 || total
-------------------------+-------+-------+-------+-------++-------
Melee: Mace              |    54 |    23 |   274 |    66 ||   417
       Headbutt          |     8 |    23 |    65 |    58 ||   154
       Flail             |       |    93 |     5 |       ||    98
       Battleaxe         |       |       |       |   172 ||   172
       Great mace        |       |       |       |    61 ||    61
Invok: Berserk           |     2 |     3 |     6 |     9 ||    20
       Trog's Hand       |       |       |       |     3 ||     3
       Brothers in Arms  |       |       |       |     2 ||     2
  Use: Scroll            |       |     2 |     2 |    12 ||    16
 Stab: Distracted        |       |       |     1 |       ||     1
  Eat: Chunk             |     4 |     7 |    14 |    17 ||    42
       Ration            |       |       |       |     2 ||     2
Armor: Leather armour    |     5 |       |       |       ||     5
       Scale mail        |    13 |    53 |   125 |    96 ||   287
       Plate armour      |       |       |       |    37 ||    37
Dodge: Dodged            |    36 |    57 |   164 |   225 ||   482
